 Dungeon Crawl Stone Soup version 0.24.0-123-gd5b16e6ec5 (webtiles) character file.

Game seed: 4998999179261505501, levelgen mode: deterministic

58 JustSomeDude the Sneak (level 3, 0/27 HPs)
             Began as a Demonspawn Assassin on Feb 8, 2020.
             Slain by a worm (5 damage)
             ... on level 2 of the Dungeon.
             The game lasted 00:01:52 (778 turns).

JustSomeDude the Sneak (Demonspawn Assassin)         Turns: 778, Time: 00:01:52

Health: 0/27       AC:  4    Str: 11    XL:     3   Next: 76%
Magic:  3/3        EV: 12    Int: 12    God:
Gold:   91         SH:  0    Dex: 15    Spells: 2/2 levels left

rFire    + . .     SeeInvis .   n - +0 short sword
rCold    . . .     Gourm    .   (no shield)
rNeg     . . .     Faith    .   b - +0 robe
rPois    .         Spirit   .   (no helmet)
rElec    .         Reflect  .   c - +0 cloak
rCorr    .         Harm     .   k - +0 pair of gloves (curse)
MR       .....                  (no boots)
Stlth    +++.......             (no amulet)
HPRegen  0.09/turn              (no ring)
MPRegen  0.08/turn              (no ring)

@: no status effects
A: fire resistance 1
a: no special abilities


You were on level 2 of the Dungeon.
You were not hungry.

You visited 1 branch of the dungeon, and saw 2 of its levels.

You collected 91 gold pieces.

Inventory:

Hand Weapons
 a - a +2 dagger
 n - a +0 short sword (weapon)
Missiles
 d - 8 poisoned darts (quivered)
 e - 2 curare-tipped darts
 p - 2 throwing nets
Armour
 b - a +0 robe (worn)
 c - a +0 cloak (worn)
 k - a cursed +0 pair of gloves (worn)
 m - a +0 leather armour
Scrolls
 g - 2 scrolls of fear {unknown}
 h - 2 scrolls of blinking {unknown}
 j - a scroll of amnesia {unknown}
 l - 2 scrolls of identify {unknown}
 o - 2 scrolls of remove curse {unknown}
 q - a scroll of enchant armour {unknown}
Comestibles
 f - 3 rations
 i - 11 chunks of flesh


   Skills:
 + Level 2.1 Fighting
 + Level 2.6 Short Blades
 + Level 2.0 Throwing
 + Level 1.1 Dodging
 + Level 4.3 Stealth


You had 2 spell levels left.
You didn't know any spells.
Your spell library was empty.

Dungeon Overview and Level Annotations

Branches:
Dungeon (2/15)

Altars:
Okawaru


Innate Abilities, Weirdness & Mutations

Your flesh is heat resistant. (rF+)


Message History

You are too injured to fight recklessly!
You are too injured to fight recklessly!
You are too injured to fight recklessly!
You are too injured to fight recklessly!
You hit the worm.
The worm is heavily wounded.
You hit the worm.
The worm is severely wounded.
The worm bites you.
* * * LOW HITPOINT WARNING * * *
You barely miss the worm.
The worm is severely wounded.
You hit the worm but do no damage.
The worm is severely wounded.
The worm bites you.
* * * LOW HITPOINT WARNING * * *
You hit the worm.
The worm is almost dead.
The worm bites you.
You die...

#.......####
#.###...........
#..............!.
#.#####...#......
#..####.#.#.#####
#....?........#
#..####.####.. #
##.....##.#
#..@w...#
#..†....#
#....._......
#.#.......#..
#.#.......#..# #
##.....## .#
###.### ..


You could see a worm.

Vanquished Creatures
  Jessica (D:2)
  A worm (D:2)
  2 dart slugs (D:2)
  A leopard gecko (D:2)
  3 giant cockroaches
  2 goblins (D:1)
  2 hobgoblins (D:2)
  4 bats
  3 frilled lizards
  3 kobolds
  4 rats
26 creatures vanquished.

Notes
Turn   | Place    | Note
-------+----------+-------------------------------------------
     0 | D:1      | JustSomeDude the Demonspawn Assassin began the quest for
                  | the Orb.
     0 | D:1      | Reached XP level 1. HP: 16/16 MP: 1/1
    23 | D:1      | Reached skill level 1 in Dodging
   232 | D:1      | Gained mutation: Your flesh is heat resistant. (rF+)
                  | [demonic ancestry]
   232 | D:1      | Reached XP level 2. HP: 22/22 MP: 2/2
   467 | D:2      | Noticed Jessica
   480 | D:2      | Killed Jessica
   480 | D:2      | Reached skill level 4 in Stealth
   480 | D:2      | Reached XP level 3. HP: 10/27 MP: 3/3
   756 | D:2      | Found an iron altar of Okawaru.
   778 | D:2      | Slain by a worm

Levels and vault maps discovered:
D:1:      wander_arrival_desolate, layout_rooms
D:2:      kennysheep_six_static_rooms, layout_basic, makhleb_grotto_becter,
          old_standard_altar, uniq_jessica

Skill      XL: |  1  2  3 |
---------------+----------+-----
Dodging        | 1 |  1.1
Short Blades   | 2 |  2.6
Stealth        | 4 |  4.3
Throwing       | 2 |  2.0
Fighting       | |  2.1

Action                   || total
-------------------------++-------
Melee: Dagger            ||    23
       Short sword       ||    66
  Use: Potion            ||     2
 Stab: Sleeping          ||     7
Armor: Robe              ||    19
Dodge: Dodged            ||    61
